 Dungeon Crawl Stone Soup version 0.26-a0-651-gb41185065b (webtiles) character file.

Game seed: 16813616678367139199

73 loralnil the Insei (level 4, -6/34 HPs)
             Began as a Gnoll Transmuter on Oct 22, 2020.
             Mangled by an orc priest
             ... wielding a +0 hand axe
              (8 damage)
             ... on level 3 of the Dungeon.
             The game lasted 00:02:36 (2242 turns).

loralnil the Insei (Gnoll Transmuter)               Turns: 2242, Time: 00:02:36

Health: -6/34      AC:  2    Str: 12    XL:     4   Next: 27%
Magic:  8/11       EV: 24    Int: 15    God:
Gold:   39         SH:  0    Dex: 22    Spells: 7/13 levels left

rFire    . . .     SeeInvis .     - Unarmed
rCold    . . .     Faith    .   (shield currently unavailable)
rNeg     + . .     Spirit   .   (armour currently unavailable)
rPois    x         Reflect  .   (helmet currently unavailable)
rElec    .         Harm     .   (cloak currently unavailable)
rCorr    .         Rampage  .   (gloves currently unavailable)
MR       .....                  (boots currently unavailable)
Stlth    ++........             (no amulet)
HPRegen  0.11/turn              f - ring of positive energy
MPRegen  0.12/turn              (no ring)

@: spider-form, hasted, very quick
A: tiny, distributed training, strong nose
a: End Transformation


You were on level 3 of the Dungeon.
You were a venomous arachnid creature.
You visited 1 branch of the dungeon, and saw 3 of its levels.

You collected 39 gold pieces.

Inventory:

Armour
 a - a +0 robe (melded)
 c - a scarf of resistance (melded)
 g - a +0 pair of gloves (melded)
Jewellery
 f - a ring of positive energy (left front leg)
Scrolls
 d - a scroll of blinking {unknown}
 e - 2 scrolls of enchant weapon {unknown}
 h - a scroll of identify {unknown}
Potions
 b - 2 potions of haste


   Skills:
 + Level 2.7 Fighting
 + Level 1.1 Short Blades
 + Level 1.1 Long Blades
 + Level 1.1 Axes
 + Level 1.1 Maces & Flails
 + Level 1.1 Polearms
 + Level 1.1 Staves
 + Level 1.1 Slings
 + Level 1.1 Bows
 + Level 1.1 Crossbows
 + Level 1.1 Throwing
 + Level 1.1 Armour
 + Level 4.6 Dodging
 + Level 1.1 Stealth
 + Level 1.1 Shields
 + Level 6.6 Unarmed Combat
 + Level 5.0 Spellcasting
 + Level 0.8 Conjurations
 + Level 0.8 Hexes
 + Level 0.8 Summonings
 + Level 0.8 Necromancy
 + Level 0.8 Translocations
 + Level 3.8 Transmutations
 + Level 0.8 Fire Magic
 + Level 0.8 Ice Magic
 + Level 0.8 Air Magic
 + Level 0.8 Earth Magic
 + Level 0.8 Poison Magic
 + Level 1.2 Invocations
 + Level 1.1 Evocations


You had 7 spell levels left.
You knew the following spells:

 Your Spells              Type           Power        Failure   Level
a - Beastly Appendage     Tmut           ###...       11%         1
b - Wereblood             Tmut           ###.....     14%         2
c - Spider Form           Tmut/Pois      ##........   38%         3

Your spell library contained the following spells:

 Spells                   Type           Power        Failure   Level
 Ice Form                 Ice/Tmut       ##......     73%         4
 Blade Hands              Tmut           ###.......   85%         5


Dungeon Overview and Level Annotations

Branches:
Dungeon (3/15)

Altars:
Sif Muna


Innate Abilities, Weirdness & Mutations

Your experience applies equally to all skills.
((You have very sharp teeth.))
Your uncanny sense of smell can sniff out nearby items.


Message History

The orc barely misses you.
You closely miss the orc. You claw the orc.
You kill the orc!
An adder comes into view.
The orc closely misses you.
It was a potion of haste.
You feel yourself speed up.
Your transformation is almost over.
The orc priest hits you with a +0 hand axe.
* * * LOW HITPOINT WARNING * * *
The orc hits you but does no damage.
Casting: Beastly Appendage (safe; 3% risk of failure)
Confirm with . or Enter, or press ? or * to list all spells.
The spell is quite dangerous to cast (19% risk of failure)!
Continue anyway?
Your horns disappear.
Your talons disappear.
You turn into a venomous arachnid creature.
Your scarf of resistance melds into your body.
Your +0 pair of gloves melds into your body.
Your +0 robe melds into your body.
You feel hot and cold all over.
The orc priest hits you with a +0 hand axe!
You die...

#.##..#.##
#.##.##..#
#..#.#.#.#
#.......#
#####.#.#.#
..........#
#####.#.#.#
#...†).#
##.#s###
#.$ooo#
##.#S##
#..... ##
#.# [.. #.#
...


You could see an orc priest, an adder and 2 orcs.

Vanquished Creatures
  Crazy Yiuf (D:2)
  An adder (D:2)
  An ooze (D:2)
  3 dart slugs
  An orc (D:3)
  A bat (D:2)
  3 giant cockroaches
  4 goblins
  A hobgoblin (D:2)
  A quokka (D:2)
  4 frilled lizards
  2 kobolds
  3 rats (D:1)
26 creatures vanquished.

Notes
Turn   | Place    | Note
-------+----------+-------------------------------------------
     0 | D:1      | loralnil the Gnoll Transmuter began the quest for the Orb.
     0 | D:1      | Reached XP level 1. HP: 17/17 MP: 6/6
   296 | D:1      | Reached XP level 2. HP: 23/23 MP: 5/7
  1223 | D:2      | Reached skill level 5 in Spellcasting
  1223 | D:2      | Reached XP level 3. HP: 16/28 MP: 7/9
  1651 | D:2      | Reached skill level 1 in Invocations
  1795 | D:2      | Found a runed translucent door.
  1796 | D:2      | Noticed Crazy Yiuf
  1948 | D:2      | Found a shimmering blue altar of Sif Muna.
  2092 | D:2      | Learned a level 2 spell: Wereblood
  2096 | D:2      | Learned a level 3 spell: Spider Form
  2128 | D:2      | Killed Crazy Yiuf
  2128 | D:2      | Reached skill level 1 in Short Blades
  2128 | D:2      | Reached skill level 1 in Long Blades
  2128 | D:2      | Reached skill level 1 in Axes
  2128 | D:2      | Reached skill level 1 in Maces & Flails
  2128 | D:2      | Reached skill level 1 in Polearms
  2128 | D:2      | Reached skill level 1 in Staves
  2128 | D:2      | Reached skill level 1 in Slings
  2128 | D:2      | Reached skill level 1 in Bows
  2128 | D:2      | Reached skill level 1 in Crossbows
  2128 | D:2      | Reached skill level 1 in Throwing
  2128 | D:2      | Reached skill level 1 in Armour
  2128 | D:2      | Reached skill level 1 in Stealth
  2128 | D:2      | Reached skill level 1 in Shields
  2128 | D:2      | Reached skill level 1 in Evocations
  2128 | D:2      | Reached XP level 4. HP: 34/34 MP: 7/11
  2242 | D:3      | Mangled by an orc priest

Illustrated notes

Levels and vault maps discovered:
D:1:      shiori_arrival_maze, layout_basic
D:2:      layout_loops_corners, led_sif_pool, hangedman_decor_points,
          feat_on_display, uniq_crazy_yiuf_cottage
D:3:      layout_loops_cross, st_stairs_13, okawaru_metal_pillars_1_2

Skill      XL: |  1  2  3 |
---------------+----------+-----
Spellcasting   | 5 |  5.0
Invocations    | 1 |  1.2
Short Blades   | 1 |  1.1
Long Blades    | 1 |  1.1
Axes           | 1 |  1.1
Maces & Flails | 1 |  1.1
Polearms       | 1 |  1.1
Staves         | 1 |  1.1
Slings         | 1 |  1.1
Bows           | 1 |  1.1
Crossbows      | 1 |  1.1
Throwing       | 1 |  1.1
Armour         | 1 |  1.1
Stealth        | 1 |  1.1
Shields        | 1 |  1.1
Evocations     | 1 |  1.1
Fighting       | |  2.7
Dodging        | |  4.6
Unarmed Combat | |  6.6
Conjurations   | |  0.8
Hexes          | |  0.8
Summonings     | |  0.8
Necromancy     | |  0.8
Translocations | |  0.8
Transmutations | |  3.8
Fire Magic     | |  0.8
Ice Magic      | |  0.8
Air Magic      | |  0.8
Earth Magic    | |  0.8
Poison Magic   | |  0.8

Action                   |  1- 3 |  4- 6 || total
-------------------------+-------+-------++-------
Melee: Unarmed           |    57 |     7 ||    64
       Kick              |     7 |     2 ||     9
       Headbutt          |     4 |     1 ||     5
       Bite              |     2 |       ||     2
       Punch             |     1 |       ||     1
 Cast: Beastly Appendage |    20 |     1 ||    21
       Spider Form       |     1 |     1 ||     2
  Use: Scroll            |     3 |       ||     3
       Potion            |       |     1 ||     1
Armor: Robe              |     6 |     1 ||     7
Dodge: Dodged            |    36 |     6 ||    42

Table legend: (Time is in decaauts)
 A = Elapsed time spent in this place.
 B = Non-inter-level travel time spent in this place.
 C = Inter-level travel time spent in this place.
 D = Time resting spent in this place.
 E = Time spent auto-exploring this place.
 F = Levels seen in this place.
 G = Mean time per level.
                   A        B        C        D        E       F      G
               +--------+--------+--------+--------+--------+-----+--------+
         Total |   2233 |   2173 |     60 |    196 |   1688 |   3 |  744.3 |
       Dungeon |   2233 |   2173 |     60 |    196 |   1688 |   3 |  744.3 |
               +--------+--------+--------+--------+--------+-----+--------+

Top non-repeatable levels by time:
     D:2: 1156 daAuts
     D:1: 1028 daAuts
     D:3: 49 daAuts
